 Dungeon Crawl Stone Soup version 0.17-a0-1430-g49fde19 (webtiles) character file.

49 bal the Ruffian (level 3, -5/28 HPs)
             Began as a Draconian Transmuter on June 25, 2015.
             Shot with an arrow by a centaur (13 damage)
             ... on level 3 of the Dungeon.
             The game lasted 00:05:41 (1338 turns).

bal the Ruffian (Draconian Transmuter)              Turns: 1338, Time: 00:05:41

Health: -5/28      AC:  7    Str: 13      XL:     3   Next: 51%
Magic:  0/6        EV: 12    Int: 13      God:
Gold:   24         SH:  0    Dex: 10 (11) Spells: 2 memorised, 3 levels left

rFire  . . .     SeeInvis .     r - +1 flail
rCold  . . .     Clarity  .     (armour unavailable)
rNeg   . . .     SustAt   .     (no shield)
rPois  .         Gourm    .     (helmet restricted)
rElec  .         Spirit   .     (no cloak)
rCorr  .         Warding  .     (no gloves)
rMut   .         Stasis   .     q - +1 pair of boots
MR     .....                    (no amulet)
Stlth  +.........               (no ring)
                                (no ring)

@: very slightly contaminated, not resistant to hostile enchantments, very
unstealthy
A: unfitting armour, cold-blooded, AC +5
a: no special abilities


You were on level 3 of the Dungeon.
You were not hungry.

You visited 1 branch of the dungeon, and saw 3 of its levels.

You collected 24 gold pieces.

Inventory:

Hand weapons
 i - a +0 hunting sling
 r - a +1 flail (weapon)
Missiles
 a - an arrow
 e - 32 bolts
 j - 8 sling bullets
Armour
 q - a +1 pair of boots (worn)
Jewellery
 o - an uncursed ring of ice {unknown}
Scrolls
 f - a scroll of teleportation {unknown}
Potions
 n - a potion of degeneration
Books
 b - a book of Changes

   Spells                             Type                      Level
   a - Beastly Appendage              Transmutation                1
   b - Sticks to Snakes               Transmutation                2
   c - Spider Form                    Transmutation/Poison         3
   d - Ice Form                       Ice/Transmutation            4
   e - Blade Hands                    Transmutation                5
Comestibles
 c - a bread ration
 d - a slice of pizza
 k - a meat ration


   Skills:
 + Level 1.3 Fighting
 + Level 1.1 Slings
 + Level 2.2 Dodging
 + Level 0.2 Stealth
 + Level 3.5 Unarmed Combat
 + Level 2.1 Spellcasting
 + Level 2.1 Transmutations


You had 3 spell levels left.
You knew the following spells:

 Your Spells              Type           Power        Failure   Level  Hunger
a - Beastly Appendage     Trmt           #.....       12%         1    ##.....
b - Sticks to Snakes      Trmt           #.........   17%         2    ###....


Dungeon Overview and Level Annotations

Branches:
Dungeon (3/15)

Altars:


Innate Abilities, Weirdness & Mutations

Your plain brown scales are hard (AC +5).
Your body does not fit into most forms of armour.
You are cold-blooded and may be slowed by cold attacks.


Message History

Confirm with . or Enter, or press ? or * to list all spells.
You create a snake!
The rat bites you but does no damage.
The centaur shoots an arrow.
The arrow hits you!
* * * LOW HITPOINT WARNING * * *
Casting: Sticks to Snakes
Confirm with . or Enter, or press ? or * to list all spells.
You create a snake!
The rat barely misses you.
The centaur shoots an arrow.
The arrow hits your adder! What do you say? t - Shout!
Orders for allies: a - Attack new target. r - Retreat! s - Stop attacking. w - Wait here. f - Follow me.
Anything else - Stay silent.
Gang up on whom?
Press: ? - help, Dir - move target cursor, f - centaur
Aim: a centaur, wielding a shortbow Attack!
The centaur shoots an arrow.
The arrow misses your adder. The arrow hits you!
You die...

#...#...# #...#...#
+.......+ #$..#...#
........## .......%.#
..)....r.# ..c...S@(#
#########
#......S(######.......#
#.....................#
......................#
......................#
.....................[#
.................######
...#####.........# ..
#.........# ##


You could see a centaur, a rat, a friendly adder and a friendly ball python.

Vanquished Creatures
  A gnoll (D:2)
  An ooze (D:2)
  A ball python (D:1)
  3 bats
  3 giant cockroaches (D:1)
  3 hobgoblins
  4 jackals (D:1)
  5 kobolds (D:1)
  A giant newt (D:1)
  4 goblins
  5 rats (D:1)
31 creatures vanquished.

Vanquished Creatures (collateral kills)
  A giant gecko (D:2)
1 creature vanquished.

Grand Total: 32 creatures vanquished

Notes
Turn   | Place    | Note
--------------------------------------------------------------
     0 | D:1      | bal the Draconian Transmuter began the quest for the Orb.
     0 | D:1      | Reached XP level 1. HP: 16/16 MP: 3/3
   283 | D:1      | Reached XP level 2. HP: 20/23 MP: 5/5
   308 | D:1      | Learned a level 2 spell: Sticks to Snakes
   790 | D:1      | Reached XP level 3. HP: 28/28 MP: 6/6
   913 | D:2      | Reached skill level 1 in Slings
  1333 | D:3      | Noticed a centaur
  1338 | D:3      | Shot with an arrow by a centaur

Vault maps used:
D:1:      dpeg_arrival_tiny_i
D:2:      nicolae_qazlal_style_of_elements
D:3:      minmay_unequal

Action                   || total
-------------------------++-------
Melee: Unarmed           ||    59
       Flail             ||    17
 Fire: Hunting sling     ||    63
 Cast: Beastly Appendage ||     7
       Sticks to Snakes  ||    11
  Use: Potion            ||     3
       Scroll            ||     2
  Eat: Beef jerky        ||     2
       Chunk             ||     2
